 Dungeon Crawl Stone Soup version 0.16-a0-4112-g89a4107 (webtiles) character file.

18590 Sixotanaka the Grappler (level 12, -15/100 HPs)
             Began as a Troll Warper on Feb 25, 2015.
             Was a High Priest of Cheibriados.
             Demolished by Rupert
             ... wielding a +1 battleaxe of electrocution
              (18 damage)
             ... on level 4 of the Lair of Beasts on Feb 26, 2015.
             The game lasted 00:37:59 (11679 turns).

Sixotanaka the Grappler (Troll Warper)             Turns: 11679, Time: 00:37:59

Health: -15/100    AC:  9    Str: 34    XL:     12   Next: 29%
Magic:  5/9        EV: 23    Int: 21    God:    Cheibriados [*****.]
Gold:   698        SH:  0    Dex: 25    Spells: 4 memorised, 6 levels left

rFire  . . .     SeeInvis .       - Unarmed
rCold  + . .     Clarity  .     L - +2 robe
rNeg   . . .     SustAb   .     (shield restricted)
rPois  +         Gourm    +     M - +0 hat {MR+}
rElec  .         Spirit   .     C - +1 cloak {MR+}
rCorr  .         Warding  .     (gloves unavailable)
rMut   .         Stasis   .     (boots unavailable)
MR     ++...                    (no amulet)
Stlth  ++........               E - ring of protection from cold
                                X - ring of poison resistance

@: very slow, very resistant to hostile enchantments, unstealthy
A: unfitting armour, claws 3, fast metabolism 3, gourmand, regeneration 2,
shaggy fur 1, tough skin 2
a: Bend Time, Temporal Distortion, Slouch, Step From Time, Renounce Religion


You were on level 4 of the Lair of Beasts.
You worshipped Cheibriados.
Cheibriados was extremely pleased with you.
You were very full.

You visited 2 branches of the dungeon, and saw 12 of its levels.

You collected 698 gold pieces.


Innate Abilities, Weirdness & Mutations

You are too large for most types of armour.
You have claws for hands.
Your metabolism is lightning-fast.
You like to eat raw meat.
You heal very quickly.
You are covered in fur (AC +1).
You have very tough skin (AC +2).


   Skills:
 - Level 1.5 Fighting
 - Level 0.8 Throwing
 - Level 0.7 Armour
 + Level 12.8 Dodging
 - Level 13.2 Unarmed Combat
 - Level 1.2 Spellcasting
 - Level 2.1 Translocations


You had 6 spell levels left.
You knew the following spells:

 Your Spells              Type           Power        Failure   Level  Hunger
a - Shroud of Golubria    Chrm/Tloc      #.........   17%         2    ###....
b - Blink                 Tloc           N/A          12%         2    ###....
e - Apportation           Tloc           ##........   8%          1    ##.....
A - Stoneskin             Trmt/Erth      #.......     28%         2    ###....


Dungeon Overview and Level Annotations

Branches:
Dungeon (8/15)             Temple (0/1) D:7            Lair (4/8) D:8
  Swamp: Lair:3-6    Shoals: Lair:3-6     Snake: Lair:3-6    Spider: Lair:3-6

Altars:
Cheibriados
Elyvilon
Makhleb
Nemelex Xobeh
Trog
Vehumet
The Shining One

Annotations:
Lair:2 exclusion: oklob plant
Lair:4 Rupert

Inventory:

Hand weapons
 w - a +0 blowgun
Missiles
 e - 5 tomahawks of dispersal (quivered) {!f}
 m - 101 poisoned needles
 n - 292 stones
 o - 4 large rocks
Armour
 C - a +1 cloak of magic resistance (worn)
   (You took it off Crazy Yiuf on level 4 of the Dungeon)
 L - a +2 robe (worn)
 M - a +0 hat of magic resistance (worn)
   (You took it off Gastronok on level 8 of the Dungeon)
Jewellery
 B - an uncursed ring of teleportation
 E - a ring of protection from cold (right claw)
 G - an uncursed ring of see invisible
 I - an uncursed ring of protection from magic
 K - an uncursed ring of sustain abilities
 X - a ring of poison resistance (left claw)
Magical devices
 s - a wand of random effects (24)
 z - a wand of cold (3)
 P - a wand of digging (5)
 V - a wand of hasting (2) {@v3}
 Y - a wand of draining (8)
Scrolls
 h - 6 scrolls of remove curse {@r2}
 i - 2 scrolls of teleportation {unknown}
 l - a scroll of random uselessness {unknown}
 p - 3 scrolls of immolation {!r}
 v - 3 scrolls of enchant armour {unknown}
 x - 5 scrolls of recharging
 A - a scroll of noise {unknown}
 D - a scroll of vulnerability {unknown}
 F - 3 scrolls of brand weapon {unknown}
 T - 2 scrolls of silence {unknown}
 U - a scroll of amnesia {unknown}
 W - 2 scrolls of fog {unknown}
Potions
 b - 2 potions of curing {@q1}
 g - 2 potions of brilliance
 k - 2 potions of might
 r - 5 potions of lignification {!q}
 t - 2 potions of cancellation
 S - 2 potions of ambrosia {!q}
 Z - a potion of haste {unknown}
Books
 c - a book of Spatial Translocations
 j - a book of the Tempests
 q - a book of Geomancy
 Q - a book of Fire
Miscellaneous
 R - a stone of tremors (inert)
Comestibles
 a - 8 meat rations
 f - a slice of pizza
 u - 5 bread rations
 H - 12 fruits
 N - 9 royal jellies
 O - 6 beef jerkies

..... ........ P...
#.P...P# #. ...
##..#...##.. ..
#........... ..# #.
#.....#.P . #†### #....#.#
###...###.#P..#########
..#.....#.......##..#...#
........@@.............<..
...##....#...P..#.###..###
..P..............## ####
..PPP#P..##.P.###
P.####.P#.....# . #
#..##.#.## .. #.###...# ..
#.# #.#.. . .


You could see Rupert (berserk).


Message History

Cheibriados thoroughly appreciates the change of pace.
You feel sick.
You start resting.
You feel sick.
You feel sick. x10
You feel sick.
There is a stone staircase leading up here.
You feel sick.
Found a scroll labeled GRUUTA MAOLYPAQOMI.
You feel sick.
You are no longer poisoned.
A water moccasin comes into view.
A water moccasin is nearby!
The water moccasin misses you.
You claw the water moccasin!
The water moccasin begins to bleed from its wounds!
The water moccasin closely misses you.
You barely miss the water moccasin. Your claw misses the water moccasin.
The water moccasin misses you.
You claw the water moccasin!
You kill the water moccasin!
Cheibriados thoroughly appreciates the change of pace.
No target in view!
W - 2 scrolls labeled GRUUTA MAOLYPAQOMI (gained 1) Read which item? (? for menu, Esc to quit)
Okay, then.
A giant frog comes into view.
The giant frog gives a loud, deep croak!
A quokka and Rupert come into view.
Rupert shouts!
The giant frog misses you. The giant frog completely misses you.
You can feel time thicken for a moment.
You kill the giant frog!
Cheibriados thoroughly appreciates the change of pace.
You kill the quokka!
Cheibriados thoroughly appreciates the change of pace.
Cheibriados reduces the support of your attributes as your movement quickens.
Read which item? (? for menu, Esc to quit)
Okay, then.
Quiver which item? (- for none, * to show all) (? for menu, Esc to quit)
Okay, then.
Quiver which item? (- for none, * to show all) (? for menu, Esc to quit)
Quivering
y - a throwing net for throwing.
Rupert roars wildly at you. You resist with almost no effort.
You throw a throwing net. The throwing net hits Rupert.
Rupert is caught in the net!
Rupert yells loudly at you. You resist with almost no effort.
Rupert struggles against the net.
Rupert roars madly and goes into a rage!
Rupert goes berserk!
Rupert struggles against the net.
Rupert struggles against the net.
The net rips apart, and Rupert comes free!
Rupert closely misses you. Rupert completely misses you.
You mangle Rupert!!
Rupert begins to bleed from his wounds!
Your claw misses Rupert.
Rupert hits you with a battleaxe of electrocution!!
You are electrocuted!
You mangle Rupert!! You scratch Rupert. Rupert completely misses you.
You completely miss Rupert.
Rupert hits you with a battleaxe of electrocution!!
* * * LOW HITPOINT WARNING * * *
You claw Rupert! Rupert barely misses you.
You claw Rupert! Rupert barely misses you.
You mangle Rupert!! You claw Rupert!
Rupert hits you with a battleaxe of electrocution!!!
* * * LOW HITPOINT WARNING * * *
You are electrocuted!
You die...

Action                   |  1- 3 |  4- 6 |  7- 9 | 10-12 || total
-------------------------+-------+-------+-------+-------++-------
Melee: Unarmed           |   113 |   229 |   317 |   396 ||  1055
 Fire: Blowgun           |       |       |    34 |       ||    34
Throw: Large rock        |       |     1 |     8 |    11 ||    20
       Stone             |       |       |    12 |    16 ||    28
       Throwing net      |       |       |       |     1 ||     1
 Cast: Blink             |     1 |       |     3 |     3 ||     7
       Shroud of Golubri |       |       |     1 |     1 ||     2
       Stoneskin         |       |       |       |     2 ||     2
Invok: Slouch            |       |       |       |     5 ||     5
Evoke: Wand              |       |       |       |     1 ||     1
       Stone of tremors  |       |       |       |     1 ||     1
  Use: Scroll            |       |       |       |    16 ||    16
       Potion            |       |       |       |     3 ||     3
 Stab: Sleeping          |     1 |       |     2 |     6 ||     9
       Distracted        |       |       |     2 |       ||     2
       Invisible         |       |       |       |     4 ||     4
  Eat: Chunk             |    11 |    25 |    22 |    35 ||    93

Vault maps used:
D:1:      lightli_arrival_chessboard, serial_forest,
          infiniplex_forest_clump_curved, infiniplex_forest_clump_diagonal,
          infiniplex_forest_lined_ring, infiniplex_forest_side_room,
          infiniplex_forest_lined_3
D:2:      serial_undead, serial_undead_d, serial_undead_a, serial_undead_c,
          serial_undead_f, st_stairs_11, hangedman_decor_riveting
D:3:      grunt_temple_overflow_diamond, first_bread
D:4:      grunt_temple_overflow_lords_of_destruction, uniq_duvessa,
          uniq_crazy_yiuf_cottage
D:5:      beetle_altar_2, st_stairs_4
D:6:      basic_altar
D:7:      minmay_temple_entry_mist, uniq_eustachio
D:8:      elyvilon_altar_1, david_lair_shrubbed, hangedman_pestilent_swarm,
          uniq_gastronok, uniq_pikel, uniq_psyche
Lair:2:   minmay_lair_oklob_items, lemuel_fruit_fields
Lair:3:   portal_ice_cave_entry_pillars_02, minivault_25, serial_bayou_pond_c,
          nicolae_quartered_pool_medium, grunt_megastairs_2, uniq_snorg
Lair:4:   dummy_spider_entry, minivault_23, uniq_rupert

Notes
Turn   | Place    | Note
--------------------------------------------------------------
     0 | D:1      | Sixotanaka, the Troll Warper, began the quest for the Orb.
     0 | D:1      | Reached XP level 1. HP: 19/19 MP: 2/2
    92 | D:1      | Reached XP level 2. HP: 27/27 MP: 2/2
   316 | D:1      | Reached skill level 3 in Unarmed Combat
   487 | D:1      | Reached XP level 3. HP: 31/33 MP: 3/3
  1033 | D:1      | Learned a level 2 spell: Blink
  1171 | D:2      | Reached skill level 4 in Unarmed Combat
  1211 | D:2      | HP: 7/33 [worm (8)]
  1383 | D:2      | Reached XP level 4. HP: 27/41 MP: 4/4
  1982 | D:2      | Reached skill level 5 in Unarmed Combat
  2235 | D:2      | Reached XP level 5. HP: 39/48 MP: 4/4
  2327 | D:3      | Upgraded the game from 0.16-a0-4098-gd37d62b to 0.16-a0-4099-g0be755f
  2565 | D:3      | Noticed a centaur
  2574 | D:3      | HP: 8/48 [centaur (8)]
  2576 | D:3      | Killed a centaur
  2576 | D:3      | Reached skill level 6 in Unarmed Combat
  2742 | D:3      | Reached XP level 6. HP: 33/55 MP: 5/5
  2784 | D:3      | Found a bloodstained altar of Trog.
  2790 | D:3      | Found a sparkling altar of Nemelex Xobeh.
  2793 | D:3      | Found a glowing golden altar of the Shining One.
  3093 | D:4      | Noticed Duvessa
  3093 | D:4      | Noticed Dowan
  3107 | D:4      | Killed Duvessa
  3107 | D:4      | Reached skill level 7 in Unarmed Combat
  3114 | D:4      | Killed Dowan
  3430 | D:4      | Reached XP level 7. HP: 49/62 MP: 5/5
  3608 | D:4      | Noticed Crazy Yiuf
  3615 | D:4      | Killed Crazy Yiuf
  3701 | D:4      | Found a radiant altar of Vehumet.
  3702 | D:4      | Found a burning altar of Makhleb.
  3707 | D:4      | Reached skill level 8 in Unarmed Combat
  3729 | D:5      | Entered Level 5 of the Dungeon
  3833 | D:5      | HP: 12/62 [orc priest/divine providence (16)]
  4055 | D:5      | Reached skill level 9 in Unarmed Combat
  4085 | D:5      | Found a snail-covered altar of Cheibriados.
  4107 | D:5      | Became a worshipper of Cheibriados the Contemplative
  4397 | D:5      | Reached XP level 8. HP: 36/70 MP: 6/6
  4643 | D:6      | Found a burning altar of Makhleb.
  4714 | D:6      | Reached skill level 10 in Unarmed Combat
  5187 | D:6      | Reached skill level 11 in Unarmed Combat
  5857 | D:7      | Noticed Sixotanaka's ghost (experienced TrWr)
  5861 | D:7      | Learned a level 2 spell: Shroud of Golubria
  5870 | D:7      | Reached XP level 9. HP: 52/76 MP: 7/7
  6156 | D:7      | Killed Sixotanaka's ghost
  6156 | D:7      | Acquired Cheibriados' first power
  6156 | D:7      | Reached skill level 12 in Unarmed Combat
  6318 | D:7      | Found a staircase to the Ecumenical Temple.
  6723 | D:7      | Noticed Eustachio
  6726 | D:7      | Killed Eustachio
  6726 | D:7      | Reached skill level 13 in Unarmed Combat
  6864 | D:8      | Noticed Pikel
  6876 | D:8      | Noticed Psyche
  6932 | D:8      | Reached skill level 2 in Dodging
  6960 | D:8      | Killed Psyche
  6960 | D:8      | Reached skill level 3 in Dodging
  7042 | D:8      | Noticed Gastronok
  7180 | D:8      | Killed Gastronok
  7180 | D:8      | Reached skill level 5 in Dodging
  7180 | D:8      | Reached XP level 10. HP: 31/85 MP: 2/7
  7293 | D:8      | Reached skill level 6 in Dodging
  7438 | D:8      | Acquired Cheibriados' second power
  7640 | D:8      | Killed Pikel
  7674 | D:8      | Reached skill level 7 in Dodging
  7871 | D:8      | Found a white marble altar of Elyvilon.
  7952 | D:8      | Noticed a komodo dragon
  7960 | D:8      | Killed a komodo dragon
  7989 | D:8      | Found a staircase to the Lair.
  8236 | Lair:1   | Entered Level 1 of the Lair of Beasts
  8245 | Lair:1   | Reached skill level 8 in Dodging
  8366 | Lair:1   | Acquired Cheibriados' third power
  8446 | Lair:1   | Noticed Guenter's ghost (experienced TrMo)
  8447 | Lair:1   | Reached skill level 9 in Dodging
  8447 | Lair:1   | Reached XP level 11. HP: 92/92 MP: 7/7
  8476 | Lair:1   | HP: 21/92 [yak (9)]
  8481 | Lair:1   | HP: 10/92 [blink frog (13)]
  8874 | D:8      | Learned a level 2 spell: Stoneskin
  8893 | Lair:1   | HP: 12/92 [Guenter's ghost (15)]
  8896 | Lair:1   | Killed Guenter's ghost
  9175 | Lair:1   | Reached skill level 10 in Dodging
  9929 | Lair:2   | You fall through a shaft!
  9944 | Lair:3   | Noticed Snorg
 10199 | Lair:2   | Reached skill level 11 in Dodging
 10878 | Lair:3   | Reached skill level 12 in Dodging
 10898 | Lair:3   | Reached XP level 12. HP: 36/100 MP: 2/9
 10906 | Lair:3   | HP: 24/100 [yak (11)]
 10915 | Lair:3   | HP: 15/100 [yak (14)]
 11056 | Lair:3   | Upgraded the game from 0.16-a0-4099-g0be755f to 0.16-a0-4112-g89a4107
 11070 | Lair:3   | Noticed a five-headed hydra
 11136 | Lair:3   | Killed a five-headed hydra
 11321 | Lair:3   | Killed Snorg
 11661 | Lair:4   | Noticed Rupert
 11679 | Lair:4   | HP: 3/100 [Rupert/battleaxe of electrocution (43)]
 11679 | Lair:4   | Demolished by Rupert

Vanquished Creatures
  Gastronok (D:8)
  Snorg (Lair:3)
  A hydra (Lair:3)
  The ghost of Guenter the Basher, an experienced TrMo of Ashenzari (Lair:1)
  The ghost of Sixotanaka the Brawler, an experienced TrWr of Cheibriados (D:7)
  Pikel (D:8)
  2 spiny frogs (Lair:1)
  Psyche (D:8)
  A black mamba (Lair:4)
  2 komodo dragons
  5 blink frogs (Lair:1)
  A basilisk (Lair:3)
  33 yaks
  Eustachio (D:7)
  6 wolves
  2 hippogriffs (Lair:3)
  A soldier ant (D:8)
  3 porcupines
  4 slaves (D:8)
  3 water moccasins
  A phantom (D:8)
  5 ogres
  2 ice beasts
  2 wasps
  A sky beast (D:8)
  Duvessa (D:4)
  A centaur (D:3)
  8 crocodiles
  10 giant frogs
  3 scorpions (D:7)
  5 killer bees (D:6)
  2 electric eels (Lair:3)
  A giant frog zombie (D:5)
  A quasit (D:8)
  Dowan (D:4)
  3 goliath beetles
  7 crimson imps
  3 giant frog skeletons
  4 orc priests
  3 jellies
  6 hounds
  Crazy Yiuf (D:4)
  9 orc wizards
  A centaur skeleton (D:5)
  5 iguanas
  5 worker ants
  2 hound zombies (D:8)
  2 hound skeletons
  A mummy (D:8)
  12 adders
  17 river rats
  2 giant mites
  A shadow imp (D:5)
  7 worms
  An adder zombie (D:8)
  5 giant geckos
  An ooze (D:5)
  27 orcs
  A bat zombie (D:2)
  12 giant cockroaches
  3 goblins
  16 hobgoblins
  10 jackals
  6 quokkas
  2 ball pythons
  17 bats
  A giant gecko skeleton (D:2)
  2 giant gecko zombies
  5 giant newts
  14 kobolds
  3 quokka skeletons
  11 rats
343 creatures vanquished.

Vanquished Creatures (others)
  5 plants (D:8)
5 creatures vanquished.

Grand Total: 348 creatures vanquished
